 Dungeon Crawl Stone Soup version 0.21-a0-273-g0785366 (webtiles) character file.

12 Lavandula the Ruffian (level 2, -5/24 HPs)
             Began as a Ghoul Warper on Sept 16, 2017.
             Slain by Grinder (9 damage)
             ... on level 3 of the Dungeon.
             The game lasted 00:01:46 (253 turns).

Lavandula the Ruffian (Ghoul Warper)                 Turns: 253, Time: 00:01:46

Health: -5/24      AC:  3    Str: 14    XL:     2   Next: 33%
Magic:  2/3        EV: 11    Int:  8    God:
Gold:   9          SH:  0    Dex:  8    Spells: 0/4 levels left

rFire    . . .     SeeInvis .     - Unarmed
rCold    + . .     Gourm    .   (no shield)
rNeg     + + +     Faith    .   a - +0 leather armour
rPois    ∞         Spirit   .   (no helmet)
rElec    .         Reflect  .   (no cloak)
rCorr    .         Harm     .   (no gloves)
MR       .....                  (no boots)
Stlth    +.........             (no amulet)
HPRegen  0.00/turn              (no ring)
MPRegen  0.08/turn              (no ring)

@: rotting
A: rotting body, claws 1, carnivore 3, cold resistance 1, negative energy
resistance 3, inhibited regeneration, torment resistance, unbreathing
a: no special abilities


You were on level 3 of the Dungeon.
You were not hungry.

You visited 1 branch of the dungeon, and saw 3 of its levels.

You collected 9 gold pieces.

Inventory:

Missiles
 d - 5 tomahawks of dispersal (quivered)
Armour
 a - a +0 leather armour (worn)
Scrolls
 c - a scroll of blinking
Books
 b - a book of Spatial Translocations

   Spells                             Type                      Level
   a - Blink                          Translocation                2
   b - Shroud of Golubria             Charms/Translocation         2
   c - Lesser Beckoning               Translocation                3
   d - Gell's Gravitas                Translocation                3
   e - Teleport Other                 Translocation                3
   f - Passage of Golubria            Translocation                4
Comestibles
 f - a meat ration


   Skills:
 - Level 2.1 Fighting
 - Level 0.8 Throwing
 - Level 0.8 Armour
 - Level 1.7 Dodging
 + Level 3.2 Unarmed Combat
 - Level 1.7 Spellcasting
 - Level 2.6 Translocations


You couldn't memorise any spells.
You knew the following spells:

 Your Spells              Type           Power        Failure   Level  Hunger
a - Blink                 Tloc           N/A          22%         2    ###....
b - Shroud of Golubria    Chrm/Tloc      #.........   36%         2    ###....


Dungeon Overview and Level Annotations

Branches:
Dungeon (3/15)

Altars:

Annotations:
D:3 Grinder


Innate Abilities, Weirdness & Mutations

Your body is rotting away.
You thrive on raw meat.
You are immune to poison.
You have sharp fingernails.
You are carnivorous and can eat meat at any time.
Your flesh is cold resistant. (rC+)
You are immune to negative energy. (rN+++)
You do not regenerate when monsters are visible.
You are immune to unholy pain and torment.
You can survive without breathing.


Message History

Grinder completely misses you.
You scratch Grinder.
Grinder is heavily wounded.
Grinder gestures at you.
You struggle to resist.
You aren't carrying any potions.
Unknown command.
You scratch Grinder.
Grinder is severely wounded.
You barely miss Grinder.
Grinder is severely wounded.
Grinder hits you.
* * * LOW HITPOINT WARNING * * *
You aren't carrying any items that you can evoke.
Unknown command.
Okay, then.
You claw Grinder!
Grinder is almost dead.
Grinder hits you!
You die...

#....#
####################
......5@...........#####
##################......
#######


You could see Grinder.

Vanquished Creatures
  A leopard gecko (D:3)
  2 giant cockroaches
  A goblin (D:2)
  2 hobgoblins
  2 bats (D:3)
  2 frilled lizards
  A rat (D:3)
11 creatures vanquished.

Notes
Turn   | Place    | Note
-------+----------+-------------------------------------------
     0 | D:1      | Lavandula the Ghoul Warper began the quest for the Orb.
     0 | D:1      | Reached XP level 1. HP: 17/17 MP: 2/2
    64 | D:2      | Reached XP level 2. HP: 19/24 MP: 3/3
    79 | D:2      | Learned a level 2 spell: Blink
    82 | D:2      | Learned a level 2 spell: Shroud of Golubria
    93 | D:2      | Reached skill level 3 in Unarmed Combat
   228 | D:3      | Noticed Grinder
   242 | D:3      | Paralysed by Grinder for 5 turns
   253 | D:3      | Slain by Grinder

Vault maps used:
D:1:      dpeg_arrival_more_subterranean_lakeside_camping
D:2:      marbit_many_paths
D:3:      chequers_ecumenical_altar_simple, roderic_lattice_a, uniq_natasha,
          uniq_grinder

Skill      XL: |  1  2 |
---------------+-------+-----
Unarmed Combat | 3 |  3.2
Fighting       | |  2.1
Throwing       | |  0.8
Armour         | |  0.8
Dodging        | |  1.7
Spellcasting   | |  1.7
Translocations | |  2.6

Action                   || total
-------------------------++-------
Melee: Unarmed           ||    49
       Punch             ||     1
 Cast: Shroud of Golubri ||     1
  Eat: Chunk             ||     6
Armor: Leather armour    ||    13
Dodge: Dodged            ||    21

Table legend:
 A = Spawn XP
 B = Non-spawn XP
 C = Spawn XP percentage of total XP
 D = Spawn monster count
 E = Non-spawn monster count
 F = Spawn count percentage of total count
 G = Total turns spent on level
                    A         B        C        D         E        F      G
               +---------+---------+-------+---------+---------+-------+---------
         Total |       0 |      18 |   0.0 |       0 |      11 |   0.0 |   253
               +---------+---------+-------+---------+---------+-------+---------
           D:1 |       0 |       5 |   0.0 |       0 |       3 |   0.0 |    38
           D:2 |       0 |       7 |   0.0 |       0 |       4 |   0.0 |    67
           D:3 |       0 |       6 |   0.0 |       0 |       4 |   0.0 |   148
               +---------+---------+-------+---------+---------+-------+---------
